 Dungeon Crawl Stone Soup version 0.22.0-49-gab54619674 (webtiles) character file.

358 JedernureinKreuz the Conjurer (level 6, -4/44 HPs)
             Began as a Gnoll Conjurer on Sept 8, 2018.
             Slain by Edmund
             ... wielding a +6 dire flail of protection
              (7 damage)
             ... on level 4 of the Dungeon.
             The game lasted 00:23:57 (3553 turns).

JedernureinKreuz the Conjurer (Gnoll Conjurer)      Turns: 3553, Time: 00:23:57

Health: -4/44      AC:  4    Str: 13    XL:     6   Next: 64%
Magic:  0/14       EV: 14    Int: 20    God:
Gold:   96         SH:  4    Dex: 15    Spells: 14/15 levels left

rFire    . . .     SeeInvis .   e - +0 club (curse)
rCold    . . .     Gourm    .   y - +0 buckler
rNeg     . . .     Faith    .   i - +0 leather armour
rPois    .         Spirit   .   n - +0 helmet
rElec    .         Reflect  .   (no cloak)
rCorr    .         Harm     .   (no gloves)
MR       .....                  (no boots)
Stlth    +++.......             (no amulet)
HPRegen  0.14/turn              s - +3 ring of strength
MPRegen  0.14/turn              (no ring)

@: no status effects
A: distributed training, fangs 1, strong nose
a: no special abilities


You were on level 4 of the Dungeon.
You were not hungry.

You visited 1 branch of the dungeon, and saw 4 of its levels.

You collected 96 gold pieces.

Inventory:

Hand Weapons
 e - a cursed +0 club (weapon)
 g - a +0 dagger
 h - a +0 dagger
 l - a +0 dagger
 t - a cursed +0 short sword
 A - a +0 blowgun
 B - a +1 dagger
 C - a +1 dagger of speed
 D - a +0 quarterstaff
Missiles
 b - 157 stones (quivered)
 d - 13 tomahawks
 f - 49 bolts
 m - 12 sling bullets
 u - 28 poisoned needles
 z - 4 needles of sleeping
Armour
 a - a +0 robe
 i - a +0 leather armour (worn)
 n - a +0 helmet (worn)
 y - a +0 buckler (worn)
Jewellery
 s - a +3 ring of strength (left hand)
Scrolls
 j - 4 scrolls of identify
 p - a scroll of fog
 q - a scroll of enchant weapon
 r - a scroll of remove curse {unknown}
 v - a scroll of magic mapping
Potions
 k - a potion of flight {unknown}
 o - a potion of curing {unknown}
 w - a potion of resistance {unknown}
 x - a potion of cancellation {unknown}
Comestibles
 c - 9 rations


   Skills:
 + Level 2.0 Fighting
 + Level 2.0 Short Blades
 + Level 2.0 Long Blades
 + Level 2.0 Axes
 + Level 2.0 Maces & Flails
 + Level 2.0 Polearms
 + Level 2.0 Staves
 + Level 2.0 Slings
 + Level 2.0 Bows
 + Level 2.0 Crossbows
 + Level 2.0 Throwing
 + Level 2.0 Armour
 + Level 5.0 Dodging
 + Level 4.6 Stealth
 + Level 2.0 Shields
 + Level 2.0 Unarmed Combat
 + Level 5.4 Spellcasting
 + Level 7.3 Conjurations
 + Level 1.6 Hexes
 + Level 1.6 Charms
 + Level 1.6 Summonings
 + Level 1.6 Necromancy
 + Level 1.6 Translocations
 + Level 1.6 Transmutations
 + Level 1.6 Fire Magic
 + Level 1.6 Ice Magic
 + Level 1.6 Air Magic
 + Level 1.6 Earth Magic
 + Level 1.6 Poison Magic
 + Level 2.2 Invocations
 + Level 2.0 Evocations


You had 14 spell levels left.
You knew the following spells:

 Your Spells              Type           Power        Failure   Level  Hunger
a - Magic Dart            Conj           ####         1%          1    None

Your spell library contained the following spells:

 Spells                   Type           Power        Failure   Level  Hunger
 Searing Ray              Conj           ####..       1%          2    None
 Dazzling Spray           Conj/Hex       ###...       9%          3    ##.....
 Iskenderun's Mystic Bla  Conj           ####....     9%          4    ####...
 Force Lance              Conj/Tloc      ###.....     28%         4    ####...
 Fulminant Prism          Conj/Hex       ###.......   28%         4    ####...


Dungeon Overview and Level Annotations

Branches:
Dungeon (4/15)
 Temple: D:4-7

Altars:
Ashenzari
Cheibriados
Nemelex Xobeh
Wu Jian

Annotations:
D:4 Edmund, Pikel


Innate Abilities, Weirdness & Mutations

Your experience applies equally to all skills.
You have very sharp teeth.
Your uncanny sense of smell can sniff out nearby items.


Message History

You hit Edmund.
Edmund is severely wounded.
Edmund closely misses you.
You barely miss Edmund.
Edmund is severely wounded.
Edmund hits you with a dire flail of protection.
* * * LOW HITPOINT WARNING * * *
You hit Edmund but do no damage.
Edmund is severely wounded.
Edmund hits you with a dire flail of protection!
* * * LOW HITPOINT WARNING * * *
Casting: Magic Dart (safe; 1% risk of failure)
Confirm with . or Enter, or press ? or * to list all spells.
Aiming: Magic Dart (safe; 1% risk of failure)
Press: ? - help, Shift-Dir - straight line, f/p - Edmund
Aim: Edmund, wielding a dire flail of protection and wearing a leather armour The magic dart hits Edmund.
Edmund is severely wounded.
Edmund hits you with a dire flail of protection!
You die...

......# #####.# #.# ......#
#.....# #.# ......#####.#####
#.# ................# #.#
......#####..#### #.#
......#####..####### #.#
...#g.....#........####.#
.g.#.####.#.######.##.#.#####
...............@@..##.......#
.g...........#.######.#.#####
....<#..#.#..#......†....†..#
.....#................#.#####
................#######.#
................# #.#
#.##............# #.#
................# #.#
..#.a...#####.#.# #.#


You could see Edmund.

Vanquished Creatures
  A slave (D:4)
  An ogre (D:4)
  A hound (D:3)
  An orc priest (D:4)
  A gnoll shaman (D:3)
  An orc wizard (D:4)
  A worker ant (D:4)
  5 adders
  3 oozes
  A worm (D:4)
  2 dart slugs (D:1)
  2 leopard geckos
  7 orcs (D:4)
  A giant cockroach (D:4)
  6 goblins (D:1)
  8 hobgoblins
  3 jackals (D:2)
  A ball python (D:3)
  6 bats
  5 frilled lizards
  7 kobolds
  6 rats
70 creatures vanquished.

Notes
Turn   | Place    | Note
-------+----------+-------------------------------------------
     0 | D:1      | JedernureinKreuz the Gnoll Conjurer began the quest for the
                  | Orb.
     0 | D:1      | Reached XP level 1. HP: 13/13 MP: 6/6
    98 | D:1      | Reached XP level 2. HP: 19/19 MP: 1/7
   401 | D:1      | Reached XP level 3. HP: 25/25 MP: 5/9
   413 | D:1      | Reached skill level 5 in Spellcasting
   670 | D:1      | Reached skill level 1 in Invocations
   972 | D:2      | Found a snail-covered altar of Cheibriados.
  1014 | D:2      | Reached skill level 1 in Fighting
  1014 | D:2      | Reached skill level 1 in Short Blades
  1014 | D:2      | Reached skill level 1 in Long Blades
  1014 | D:2      | Reached skill level 1 in Axes
  1014 | D:2      | Reached skill level 1 in Maces & Flails
  1014 | D:2      | Reached skill level 1 in Polearms
  1014 | D:2      | Reached skill level 1 in Staves
  1014 | D:2      | Reached skill level 1 in Slings
  1014 | D:2      | Reached skill level 1 in Bows
  1014 | D:2      | Reached skill level 1 in Crossbows
  1014 | D:2      | Reached skill level 1 in Throwing
  1014 | D:2      | Reached skill level 1 in Armour
  1014 | D:2      | Reached skill level 1 in Shields
  1014 | D:2      | Reached skill level 1 in Unarmed Combat
  1014 | D:2      | Reached skill level 1 in Evocations
  1014 | D:2      | Reached XP level 4. HP: 32/32 MP: 8/11
  1788 | D:3      | Reached skill level 1 in Hexes
  1788 | D:3      | Reached skill level 1 in Charms
  1788 | D:3      | Reached skill level 1 in Summonings
  1788 | D:3      | Reached skill level 1 in Necromancy
  1788 | D:3      | Reached skill level 1 in Translocations
  1788 | D:3      | Reached skill level 1 in Transmutations
  1788 | D:3      | Reached skill level 1 in Fire Magic
  1788 | D:3      | Reached skill level 1 in Ice Magic
  1788 | D:3      | Reached skill level 1 in Air Magic
  1788 | D:3      | Reached skill level 1 in Earth Magic
  1788 | D:3      | Reached skill level 1 in Poison Magic
  1834 | D:3      | Found an ornate altar of the Wu Jian Council.
  2167 | D:3      | Found a sparkling altar of Nemelex Xobeh.
  2179 | D:3      | Found a shattered altar of Ashenzari.
  2493 | D:4      | Noticed an ogre
  2623 | D:4      | Reached XP level 5. HP: 37/37 MP: 8/12
  3003 | D:4      | Noticed a slave
  3018 | D:4      | Killed a slave
  3019 | D:4      | Noticed Pikel
  3019 | D:4      | Noticed a slave
  3079 | D:3      | Reached XP level 6. HP: 18/44 MP: 7/13
  3359 | D:4      | Reached skill level 5 in Dodging
  3523 | D:4      | Noticed Edmund
  3553 | D:4      | Slain by Edmund

Skill      XL: |  1  2  3  4  5  6 |
---------------+-------------------+-----
Spellcasting   | 5 |  5.4
Invocations    | 1 2 |  2.2
Fighting       | 1 2 |  2.0
Short Blades   | 1 2 |  2.0
Long Blades    | 1 2 |  2.0
Axes           | 1 2 |  2.0
Maces & Flails | 1 2 |  2.0
Polearms       | 1 2 |  2.0
Staves         | 1 2 |  2.0
Slings         | 1 2 |  2.0
Bows           | 1 2 |  2.0
Crossbows      | 1 2 |  2.0
Throwing       | 1 2 |  2.0
Armour         | 1 2 |  2.0
Shields        | 1 2 |  2.0
Unarmed Combat | 1 2 |  2.0
Evocations     | 1 2 |  2.0
Hexes          | 1 |  1.6
Charms         | 1 |  1.6
Summonings     | 1 |  1.6
Necromancy     | 1 |  1.6
Translocations | 1 |  1.6
Transmutations | 1 |  1.6
Fire Magic     | 1 |  1.6
Ice Magic      | 1 |  1.6
Air Magic      | 1 |  1.6
Earth Magic    | 1 |  1.6
Poison Magic   | 1 |  1.6
Dodging        | 5 |  5.0
Stealth        | |  4.6
Conjurations   | |  7.3

Action                   |  1- 3 |  4- 6 || total
-------------------------+-------+-------++-------
Melee: Club              |     3 |    27 ||    30
       Bite              |     1 |     5 ||     6
 Cast: Magic Dart        |    60 |   126 ||   186
  Use: Scroll            |     2 |     4 ||     6
  Eat: Chunk             |       |     3 ||     3
       Ration            |       |     2 ||     2
Armor: Leather armour    |       |     8 ||     8
Dodge: Dodged            |     4 |    44 ||    48
Block: Buckler           |       |    13 ||    13
